 Dungeon Crawl Stone Soup version 0.29.1-15-g9cfb28693d (webtiles) character file.

Game seed: 6772351615393579540

30 QwertyIsDirtey the Trooper (level 3, 0/34 HPs)
             Began as a Minotaur Berserker on Mar 24, 2023.
             Was a Follower of Trog.
             Slain by an adder (3 damage)
             ... on level 2 of the Dungeon.
             The game lasted 00:03:39 (679 turns).

QwertyIsDirtey the Trooper (Minotaur Berserker)      Turns: 679, Time: 00:03:40

Health: 0/34       AC:  2    Str: 23    XL:     3   Next: 3%
Magic:  2/2        EV: 12    Int:  4    God:    Trog [*.....]
Gold:   44         SH:  0    Dex:  9    Spells: 2/2 levels left

rFire   . . .      SeeInvis .   h - +1 dagger (venom)
rCold   . . .      Faith    .   (no shield)
rNeg    . . .      Spirit   .   b - +0 animal skin
rPois   .          Reflect  .   (helmet restricted)
rElec   .          Harm     .   (no cloak)
rCorr   .          Rampage  .   (no gloves)
Will    .....                   (no boots)
Stlth   +.........              (no amulet)
HPRegen 0.11/turn               (no ring)
MPRegen 0.08/turn               (no ring)

@: no status effects
A: horns 2, retaliatory headbutt
a: Renounce Religion, Berserk


You were on level 2 of the Dungeon.
You worshipped Trog.
Trog was aware of your devotion.
You visited 1 branch of the dungeon, and saw 2 of its levels.

You collected 44 gold pieces.

Inventory:

Hand Weapons
 a - a +0 spear
 g - a +0 quarterstaff
 h - a +1 dagger of venom (weapon)
Armour
 b - a +0 animal skin (worn)
Magical Staves
 e - a staff of cold
Scrolls
 c - 2 scrolls of identify {unknown}
 d - a scroll of magic mapping {unknown}
Potions
 f - a potion of attraction {unknown}


   Skills:
 + Level 4.3 Fighting
 + Level 4.2 Polearms
 + Level 2.7 Armour
 + Level 2.4 Dodging


You had 2 spell levels left.
You didn't know any spells.
Your spell library was empty.

Dungeon Overview and Level Annotations

Branches:
Dungeon (2/15)

Altars:


Innate Abilities, Weirdness & Mutations

You have a pair of horns on your head.
You reflexively headbutt those who attack you in melee.


Message History

Your experience leads to an increase in your attributes!
Increase (S)trength, (I)ntelligence, or (D)exterity?
You feel stronger. x2
A jackal is nearby!
A hobgoblin comes into view.
The hobgoblin shouts!
The adder bites you but does no damage. The adder closely misses you.
The hobgoblin hits you. The adder attacks as you move away!
The adder bites you.
Found a stone staircase leading down and a stone staircase leading up.
The adder attacks as you move away! The adder barely misses you. x2
The adder bites you.
You are poisoned.
The adder poisons you!
You feel sick.
You feel sick. The jackal barely misses you. The adder bites you.
You feel sick. The jackal bites you.
* * * LOW HITPOINT WARNING * * *
The jackal barely misses you. You furiously retaliate!
You headbutt the jackal, but do no damage.
You feel sick.
You are no longer poisoned.
The jackal attacks as you move away! The jackal closely misses you.
You furiously retaliate!
You headbutt the jackal!
You kill the jackal!
Trog accepts your kill. The adder attacks as you move away!
The adder closely misses you. x2
You furiously retaliate!
You headbutt the adder. The jackal barely misses you.
The jackal attacks as you move away! The jackal bites you.
* * * LOW HITPOINT WARNING * * *
The jackal closely misses you. The adder barely misses you.
The jackal attacks as you move away! The jackal bites you.
* * * LOW HITPOINT WARNING * * *
The adder attacks as you move away! The adder bites you.
* * * LOW HITPOINT WARNING * * *
The jackal bites you.
* * * LOW HITPOINT WARNING * * *
The jackal barely misses you. The adder bites you.
You die...

###############
#########.............#
#......@S.###########.##
#######.######h.########
#...
...>..................
..##.##
#######.###.#.g.......
...# ##.###.......####
#.##.##
######...##........... #
#(..
..................###.
#.#. .#####....#.#...###
#.#. .######..###....#
#.#.


You could see an adder, a jackal and a hobgoblin.

Vanquished Creatures
  A dart slug (D:1)
  3 ball pythons (D:1)
  2 endoplasms (D:1)
  2 giant cockroaches
  5 hobgoblins
  3 jackals (D:2)
  A quokka (D:1)
  A frilled lizard (D:1)
  2 goblins (D:1)
  A kobold (D:1)
  4 rats
25 creatures vanquished.

Vanquished Creatures (others)
  A demonic plant (D:1)
  3 fungi (D:1)
  A withered plant (D:1)
5 creatures vanquished.

Grand Total: 30 creatures vanquished

Notes
Turn   | Place    | Note
-------+----------+-------------------------------------------
     0 | D:1      | QwertyIsDirtey the Minotaur Berserker began the quest for
                  | the Orb.
     0 | D:1      | Reached XP level 1. HP: 19/19 MP: 0/0
    62 | D:1      | Found a faded altar of an unknown god.
   172 | D:1      | Reached XP level 2. HP: 12/27 MP: 1/1
   661 | D:2      | Reached XP level 3. HP: 18/33 MP: 2/2
   679 | D:2      | Slain by an adder

Illustrated notes

Levels and vault maps discovered:
D:1:      psy_arrival_radial01, layout_basic, shapermc_ecumenical_altar_gd
D:2:      layout_loops_ring, serial_shops, nicolae_shop_window_shopping

Skill      XL: |  1  2 |
---------------+-------+-----
Polearms       | 4 |  4.2
Fighting       | 4 |  4.3
Armour         | |  2.7
Dodging        | |  2.4

Action                   || total
-------------------------++-------
Melee: Spear             ||    40
       Headbutt          ||    13
       Dagger            ||     7
Armor: Animal skin       ||    18
Dodge: Dodged            ||    74
